 Dungeon Crawl Stone Soup version 0.31.0-12-g77e489cdc1 (webtiles) character file.

Game seed: 10208048071872144186

3676 Maffolandro the Protected (level 9, -6/75 HPs)
             Began as an Armataur Wanderer on Feb 18, 2024.
             Was a Believer of Wu Jian.
             Mangled by an orc warrior
             ... wielding a +0 war axe
              (8 damage)
             ... in a bailey.
             The game lasted 00:23:31 (6204 turns).

Maffolandro the Protected (Armataur Wanderer)       Turns: 6204, Time: 00:23:32

Health: -6/75      AC: 20    Str: 24    XL:     9   Next: 89%
Magic:  9/9        EV:  5    Int:  8    God:    Wu Jian [**....]
Gold:   385        SH:  0    Dex: 12    Spells: 8/8 levels left

rFire   . . .        a - +1 hand axe (elec)
rCold   . . .        (no shield)
rNeg    . . .        p - +0 plate armour
rPois   .            d - +0 helmet
rElec   .            (no cloak)
rCorr   .            g - +0 pair of gloves
SInv    .            (no barding)
Will    .....        (no amulet) Stlth
                     c - +4 ring of protection
HPRegen 0.32/turn    (no ring)
MPRegen 0.11/turn

%: roll
@: studying Spellcasting
A: large, deformed body, tough skin 3, armoured tail, roll 2
a: Renounce Religion, Wall Jump


You were in a bailey.
You worshipped Wu Jian.
Wu Jian was pleased with you.
You visited 1 branch of the dungeon, and saw 7 of its levels.
You also visited: Bailey.

You collected 385 gold pieces.

Inventory:

Hand Weapons
 a - a +1 hand axe of electrocution (weapon)
 b - a +2 dagger of draining
 m - a +0 quarterstaff
 y - a +0 battleaxe
 G - a +0 shortbow
 H - a +5 trident
 I - a +0 war axe
Missiles
 f - 14 poisoned darts
 u - 4 javelins
 F - 2 throwing nets
 J - 4 boomerangs
Armour
 d - a +0 helmet (worn)
 g - a +0 pair of gloves (worn)
 p - a +0 plate armour (worn)
 C - a +2 kite shield
Magical Staves
 k - a staff of alchemy
Jewellery
 c - a +4 ring of protection (left hand)
Wands
 q - a wand of roots (5)
 s - a wand of flame (16) (quivered)
 w - a wand of light (13)
Scrolls
 h - a scroll of poison {unknown}
 i - 5 scrolls of revelation {unknown}
 j - 3 scrolls of identify {unknown}
 l - a scroll of noise {unknown}
 n - a scroll of fog {unknown}
 o - 4 scrolls of teleportation {unknown}
 r - a scroll of summoning {unknown}
 t - 2 scrolls of fear
 v - a scroll of amnesia {unknown}
 z - a scroll of vulnerability {unknown}
 A - a scroll of enchant armour {unknown}
 D - a scroll of torment {unknown}
 E - a scroll of enchant weapon {unknown}
Potions
 e - a potion of lignification
 x - a potion of haste {unknown}
 B - a potion of berserk rage


   Skills:
 - Level 6.2 Fighting
 + Level 5.4 Axes
 - Level 1.0 Staves
 * Level 4.7 Throwing
 + Level 11.2 Armour
 - Level 3.2 Stealth
 - Level 2.6 Unarmed Combat


You had 8 spell levels left.
You didn't know any spells.
Your spell library contained the following spells:

 Spells                   Type           Power      Damage    Failure   Level
 Apportation              Tloc           0%         N/A       99%         1
 Necrotise                Necr           0%         1d4       99%         1
 Slow                     Hex            0%         N/A       99%         1
 Call Imp                 Summ           0%         N/A       100%        2
 Jinxbite                 Hex            0%         N/A       100%        2
 Sublimation of Blood     Necr           0%         N/A       100%        2
 Confusing Touch          Hex            0%         N/A       100%        3
 Sigil of Binding         Hex            0%         N/A       100%        3
 Vampiric Draining        Necr           0%         2d6       100%        3
 Martyr's Knell           Necr/Summ      0%         N/A       100%        4
 Alistair's Intoxication  Alch           0%         N/A       100%        5
 Curse of Agony           Necr           0%         N/A       100%        5
 Summon Hydra             Summ           0%         N/A       100%        7


Dungeon Overview and Level Annotations

Branches:
Dungeon (7/15)             Temple (0/1) D:6          Bailey (1/1)

Altars:
Ashenzari
Kikubaaqudgha
Nemelex Xobeh
Trog
Uskayaw
Wu Jian
Zin

Shops:
D:3 *([

Annotations:
D:4 3 runed translucent doors, VAZYLA's ghost, amateur GrFi
D:6 1 runed translucent door, Goblin1989's ghost, novice GnFi


Innate Abilities, Weirdness & Mutations

Armour fits poorly on your strangely shaped body.
You have extremely tough skin. (AC +3)
You have a long armoured tail.
You regenerate magic and health when rolling toward enemies. (Rampage Regen)


Message History

The orc warrior is moderately wounded.
The orc warrior hits you with a +0 war axe!
You closely miss the orc warrior.
The orc warrior is moderately wounded.
The orc warrior hits you with a +0 war axe.
You hit the orc warrior.
Your tail-slap misses the orc warrior.
The orc warrior is moderately wounded.
The orc warrior hits you but does no damage.
You closely miss the orc warrior.
Your tail-slap misses the orc warrior.
The orc warrior is moderately wounded.
The orc warrior hits you with a +0 war axe!
You hit the orc warrior but do no damage.
The orc warrior is moderately wounded.
The orc warrior hits you with a +0 war axe.
* * * LOW HITPOINT WARNING * * *
You hit the orc warrior.
Your tail-slap misses the orc warrior.
The orc warrior is heavily wounded.
The orc warrior hits you with a +0 war axe!
* * * LOW HITPOINT WARNING * * *
You barely miss the orc warrior.
The orc warrior is heavily wounded.
The orc warrior hits you but does no damage.
Okay, then.
Cleave: a) +1 hand axe (elec)
Press: ? - help, Dir - move target, f - orc warrior
Aim: an orc warrior, wielding a +0 war axe and wearing a +0 scale mail (heavily wounded, about 41% to evade your +1 hand axe of electrocution)
Okay, then.
Aiming: Wall Jump
Press: ? - help, Dir - move target You repeatedly attack the orc warrior from above.
You hit the orc warrior.
Lightning courses through the orc warrior!
You punch the orc warrior, but do no damage.
The orc warrior is almost dead.
You hit the orc warrior.
The orc warrior is almost dead.
The orc warrior hits you with a +0 war axe!
* * * LOW HITPOINT WARNING * * *
The orc warrior hits you with a +0 war axe!
You die...

.....~≈≈≈≈≈≈≈≈≈≈≈≈≈
........o≈≈≈≈≈≈≈≈#
#.............#
####......∩..##
###.......##
####.....##
####)..## ##°○.###
##@○...##
##o°○....##
#..[......#
#....∩....#
#.........#
##.......##
###...### #####


You could see an orc warrior.

Vanquished Creatures
  Joseph (D:7)
  Sigmund (D:2)
  Duvessa (D:4)
  4 water moccasins
  3 black bears
  5 orc warriors
  An ice beast (D:5)
  2 ogres (D:5)
  2 centaurs
  2 phantoms
  Blork the orc (D:6)
  2 scorpions
  A gnoll sergeant (D:7)
  6 wights
  Dowan (D:4)
  A howler monkey (D:4)
  5 hounds
  A jelly (D:6)
  2 orc priests
  A sleepcap (D:5)
  Ijyb (D:4)
  2 iguanas
  An orc wizard (D:6)
  15 gnolls
  8 adders
  A shadow imp (D:5)
  4 ufetubi (D:6)
  4 dart slugs
  13 orcs
  6 endoplasms
  3 giant cockroaches
  6 goblins
  8 hobgoblins
  11 jackals
  2 quokkas (D:1)
  4 ball pythons
  7 bats
  5 frilled lizards
  12 kobolds
  11 rats
167 creatures vanquished.

Notes
Turn   | Place    | Note
-------+----------+-------------------------------------------
     0 | D:1      | Maffolandro the Armataur Wanderer began the quest for the
                  | Orb.
     0 | D:1      | Maffolandro set off with the following items: a +0
                  | quarterstaff, a scroll of fear, a potion of berserk rage, a
                  | +0 helmet, a potion of lignification, a +0 leather armour.
     0 | D:1      | Reached XP level 1. HP: 14/14 MP: 1/1
    90 | D:1      | Reached skill level 1 in Fighting
   144 | D:1      | Reached XP level 2. HP: 23/23 MP: 2/2
   473 | D:1      | Reached skill level 4 in Armour
   473 | D:1      | Reached XP level 3. HP: 29/29 MP: 3/3
  1077 | D:2      | Found a faded altar of an unknown god.
  1150 | D:2      | Noticed Sigmund
  1162 | D:2      | Killed Sigmund
  1163 | D:2      | Reached skill level 6 in Armour
  1163 | D:2      | Reached XP level 4. HP: 38/38 MP: 4/4
  1163 | D:2      | Reached XP level 5. HP: 45/45 MP: 5/5
  1985 | D:3      | Reached XP level 6. HP: 51/51 MP: 6/6
  2261 | D:3      | Found Oriaxi's General Store.
  2266 | D:3      | Found Wekhyi's Weapon Boutique.
  2431 | D:3      | Found Reuhof's Armour Emporium.
  2432 | D:3      | Noticed an animated shadow dragon scales
  2432 | D:3      | Noticed an animated gold dragon scales
  2497 | D:4      | Noticed Duvessa
  2497 | D:4      | Noticed Dowan
  2506 | D:4      | Killed Duvessa
  2508 | D:4      | Killed Dowan
  2509 | D:4      | Reached skill level 7 in Armour
  2601 | D:4      | Found an ornate altar of the Wu Jian Council.
  2611 | D:4      | Gained mutation: You regenerate magic and health when
                  | rolling toward enemies. (Rampage Regen) [Armataur growth]
  2611 | D:4      | Reached XP level 7. HP: 59/60 MP: 7/7
  2643 | D:4      | Became a worshipper of the Wu Jian Council
  2706 | D:4      | Reached skill level 5 in Fighting
  2930 | D:4      | Reached skill level 8 in Armour
  3048 | D:4      | Found a runed translucent gate.
  3048 | D:4      | Found a runed translucent gate.
  3048 | D:4      | Found a runed translucent gate.
  3048 | D:4      | Noticed VAZYLA's ghost (amateur GrFi)
  3294 | D:4      | Noticed Ijyb
  3312 | D:4      | Killed Ijyb
  3674 | D:5      | Entered Level 5 of the Dungeon
  3694 | D:5      | Found an ancient bone altar of Kikubaaqudgha.
  3698 | D:5      | Found a hide-covered altar of Uskayaw.
  3698 | D:5      | Found a sparkling altar of Nemelex Xobeh.
  3758 | D:5      | Reached XP level 8. HP: 70/70 MP: 8/8
  4004 | D:4      | Reached skill level 9 in Armour
  4064 | D:5      | Reached * piety under Wu Jian
  4499 | D:5      | Reached skill level 1 in Axes
  4571 | D:6      | Found a glowing silver altar of Zin.
  4671 | D:6      | Found a bloodstained altar of Trog.
  4683 | D:6      | Noticed Blork the orc
  4692 | D:6      | Killed Blork the orc
  4750 | D:6      | Found a staircase to the Ecumenical Temple.
  4850 | D:6      | Reached skill level 10 in Armour
  4902 | D:6      | Found a runed translucent door.
  4904 | D:6      | Noticed Goblin1989's ghost (novice GnFi)
  5076 | D:6      | Reached XP level 9. HP: 75/75 MP: 9/9
  5237 | D:6      | Reached skill level 1 in Throwing
  5552 | D:7      | Reached ** piety under Wu Jian
  5596 | D:7      | Noticed Joseph
  5621 | D:7      | Killed Joseph
  5622 | D:7      | Reached skill level 5 in Axes
  5622 | D:7      | Reached skill level 11 in Armour
  5632 | D:7      | Found a broken altar of Ashenzari.
  5859 | D:7      | Found a flagged portal.
  6001 | Bailey   | Entered a bailey
  6204 | Bailey   | HP: 2/75 [orc warrior/+0 war axe (9)]
  6204 | Bailey   | Mangled by an orc warrior

Illustrated notes

Levels and vault maps discovered:
D:1:      lightli_arrival_flooded_house, layout_basic, serial_forest,
          infiniplex_forest_clump_tiny, infiniplex_forest_corner_1,
          infiniplex_forest_clump_long, infiniplex_forest_corner_1,
          infiniplex_forest_end_3, corexii_corridor_pit
D:2:      minmay_angry_zag, layout_loops_corners, ebering_ecumenical_altar_webs,
          minmay_randomly_rotated_circles, uniq_sigmund
D:3:      layout_rooms, serial_shops, nicolae_shop_mannequins, shop,
          nicolae_shop_temple_entry_statues_fountains
D:4:      layout_cave_pods, amcnicky_altar_gilded, ebering_ghost_rock_garden,
          uniq_duvessa, uniq_ijyb
D:5:      layout_cave_pools, grunt_temple_overflow_open,
          kennysheep_generic_room_2
D:6:      layout_loops_ring, lemuel_tele_altar, general_overflow_altar,
          minmay_temple_entry_stoned_glass, ebering_ghost_sewer_d,
          uniq_blork_the_orc
D:7:      layout_cave_pools, cheibrodos_ashenzari_chains,
          kennysheep_okawaru_gauntlet, serial_gnoll_camp, gnoll_camp_mini_hut,
          gnoll_camp_mini_basic, gnoll_camp_mini_hut, gnoll_camp_mini_loothouse,
          gnoll_camp_mini_sergeant, gnoll_camp_mini_doghouse, enter_bailey_2,
          sword_in_stone, uniq_joseph
Bailey:   bailey_axe_4, bailey

Skill      XL: |  1  2  3  4  5  6  7  8  9 |
---------------+----------------------------+-----
Fighting       | 1 2 3 4 5 6 |  6.2
Armour         | 4 6 7 8 10 11 | 11.2
Axes           | 4 5 |  5.4
Throwing       | 4 |  4.7
Staves         | |  1.0
Stealth        | |  3.2
Unarmed Combat | |  2.6

Action                     |  1- 3 |  4- 6 |  7- 9 || total
---------------------------+-------+-------+-------++-------
  Melee: Quarterstaff      |    98 |    36 |    10 ||   144
         Tailslap          |     8 |    15 |    50 ||    73
         Hand axe          |       |    99 |   272 ||   371
         Punch             |       |     3 |     6 ||     9
         Dagger            |       |       |    67 ||    67
  Throw: Dart              |       |       |    16 ||    16
Ability: Lunge             |       |       |    33 ||    33
         Whirlwind         |       |       |    12 ||    12
         Wall Jump         |       |       |     1 ||     1
  Evoke: Wand              |       |       |     7 ||     7
    Use: Potion            |     1 |       |       ||     1
 Armour: Chain mail        |    72 |   124 |       ||   196
         Leather armour    |     1 |       |       ||     1
         Plate armour      |       |    40 |   417 ||   457
  Dodge: Dodged            |    28 |    65 |    84 ||   177
